[Event "36th European Club Cup 2021"]
[Site "Struga"]
[Date "2021.09.21"]
[Round "4.50"]
[White "Dudin, Gleb"]
[Black "Delchev, Aleksander"]
[Result "1/2-1/2"]
[ECO "D45"]
[WhiteElo "2434"]
[BlackElo "2500"]
[Annotator "ChessBase"]
[PlyCount "61"]
[EventDate "2021.09.18"]
[EventType "team-tourn"]
[EventCountry "MKD"]
[SourceTitle "playchess.com"]
[Source "ChessBase"]
[SourceQuality "1"]
[TimeControl "40/5400+30:1800+30"]

1. c4 c6 2. d4 d5 3. Nc3 Nf6 4. e3 e6 5. Nf3 Nbd7 6. Qc2 Bd6 7. b3 O-O 8. Be2 b6 9. Bb2 Bb7 10. O-O Qe7 11. Rad1 Rad8 12. Rfe1 Rfe8 13. Qb1 Bb8 14. Qa1 Ne4 15. Nxe4 dxe4 16. Ne5 Nxe5 17. dxe5 c5 18. Rxd8 Rxd8 19. Rd1 Bc6 20. Rxd8+ Qxd8 21. Qd1 Qxd1+ 22. Bxd1 Bc7 23. Bc2 h5 24. h4 Bd8 25. Bd1 g6 26. g3 a5 27. a4 Kf8 28. Kf1 Ke7 29. Bc3 Bc7 30.
Bc2 Ke8 31. Ke1 1/2-1/2

[Event "36th European Club Cup 2021"]
[Site "Struga"]
[Date "2021.09.21"]
[Round "4.51"]
[White "Vaisser, Anatoly"]
[Black "Boskovic, Drasko"]
[Result "1/2-1/2"]
[ECO "D87"]
[WhiteElo "2494"]
[BlackElo "2457"]
[Annotator "ChessBase"]
[PlyCount "111"]
[EventDate "2021.09.18"]
[EventType "team-tourn"]
[EventCountry "MKD"]
[SourceTitle "playchess.com"]
[Source "ChessBase"]
[SourceQuality "1"]
[TimeControl "40/5400+30:1800+30"]

1. d4 Nf6 2. c4 g6 3. Nc3 d5 4. cxd5 Nxd5 5. e4 Nxc3 6. bxc3 Bg7 7. Bc4 c5 8. Ne2 Nc6 9. Be3 O-O 10. O-O b6 11. Qd2 Bb7 12. Rac1 e6 13.
Rfd1 Rc8 14. Bh6 Na5 15. Bd3 cxd4 16. Bxg7 Kxg7 17. cxd4 Qe7 18. Qf4 Nc6 19. d5 exd5 20. exd5 Ne5 21. Nc3 Nxd3 22. Rxd3 Qf6 23. Qd2 Rfe8 24. d6 Rcd8 25. Rd4 Re5 26. h4 g5 27. Nd1 gxh4 28. Rc7 Be4 29. Ne3 h5 30. d7 Bf5 31. Nxf5+ Qxf5 32. Qc3 Kg6 33. Rc8 Rxd7 34. Qc6+ Kg7 35. Qxd7 Re1+ 36. Kh2 Qxf2 37. Rg4+ hxg4 38. Qxg4+ Kf6 39. Rc6+ Ke5 40. Qg5+ Kd4 41.
Qd8+ Ke4 42. Qe7+ Kd3 43. Qd7+ Ke3 44. Rc3+ Ke4 45. Qa4+ Ke5 46. Qb5+ Kd6 47. Rc6+ Ke7 48. Qg5+ f6 49. Qg7+ Kd8 50. Qf8+ Kd7 51. Rd6+ Kc7 52. Qd8+ Kb7 53. Qd7+ Kb8 54. Qd8+ Kb7 55. Rd7+ Ka6 56. Qc8+ 1/2-1/2

[Event "36th European Club Cup 2021"]
[Site "Struga"]
[Date "2021.09.21"]
[Round "4.52"]
[White "Tadic, Stefan"]
[Black "Olivier, Pierre"]
[Result "1-0"]
[ECO "C00"]
[WhiteElo "2339"]
[BlackElo "2215"]
[Annotator "ChessBase"]
[PlyCount "121"]
[EventDate "2021.09.18"]
[EventType "team-tourn"]
[EventCountry "MKD"]
[SourceTitle "playchess.com"]
[Source "ChessBase"]
[SourceQuality "1"]
[TimeControl "40/5400+30:1800+30"]

1. e4 e6 2. d3 d5 3. Nd2 Nf6 4. g3 Nc6 5. Bg2 Bc5 6. Ngf3 dxe4 7. dxe4 O-O 8.
O-O e5 9. c3 a5 10. h3 Re8 11. Re1 b6 12. Nh4 g6 13. Qf3 Ba6 14. Nf1 Nd7 15.
Ne3 Qf6 16. Nd5 Qxf3 17. Bxf3 Bd6 18. Bg4 Ncb8 19. Be3 h5 20. Bf3 Bc4 21. g4 Bxd5 22. exd5 hxg4 23. hxg4 Kg7 24. g5 Rh8 25. Ng2 f6 26. gxf6+ Nxf6 27. Bg5 Nbd7 28. Ne3 Raf8 29. Bg2 Rh5 30. Bxf6+ Nxf6 31. Nc4 Nd7 32. b4 axb4 33. Nxd6 cxd6 34. cxb4 Rh4 35. Reb1 Rd4 36. Rb2 e4 37. a4 Ne5 38. a5 Nf3+ 39. Kf1 bxa5 40. bxa5 Ra8 41. Ke2 Rxd5 42. a6 Rc5 43. Rb7+ Kh6 44. a7 Rcc8 45. Bxf3 exf3+ 46. Kxf3 Kg5 47. Ke4 d5+ 48. Kxd5 Rf8 49. Ra6 Rf5+ 50. Kc6 Rf6+ 51. Kb5 Rf5+ 52. Kb6 Rf6+ 53. Ka5 Rxf2 54. Rb8 Ra2+ 55. Kb6 Rxa6+ 56. Kxa6 Rxa7+ 57. Kxa7 Kf4 58.
Rf8+ Ke5 59. Rg8 Kf5 60. Kb6 g5 61. Kc5 1-0

[Event "36th European Club Cup 2021"]
[Site "Struga"]
[Date "2021.09.21"]
[Round "4.53"]
[White "Kirszenberg, Marc"]
[Black "Gotovusa, Goran"]
[Result "1/2-1/2"]
[ECO "D31"]
[WhiteElo "2139"]
[BlackElo "2161"]
[Annotator "NA"]
[PlyCount "46"]
[EventDate "2021.09.18"]
[EventType "team-tourn"]
[EventCountry "MKD"]
[SourceTitle "playchess.com"]
[Source "ChessBase"]
[SourceQuality "1"]
[TimeControl "40/5400+30:1800+30"]

1. d4 d5 2. c4 e6 3. Nc3 c6 4. e4 dxe4 5. Nxe4 Bb4+ 6. Nc3 c5 7. a3 Bxc3+ 8. bxc3 Nf6 9. Be3 O-O 10. Nf3 Re8 11. Be2 Nbd7 12. O-O Qa5 13. Qc2 e5 14. h3 e4 15. Nd2 Qc7 16. Rfe1 Nf8 17. dxc5 Bf5 18. Nb3 Bg6 19. Rad1 Ne6 20. Rd2 Nd7 21. Rd5 Nf6 22. Rd2 Nd7 23. Rd5 Nf6 1/2-1/2

[Event "36th European Club Cup 2021"]
[Site "Struga"]
[Date "2021.09.21"]
[Round "4.54"]
[White "Gjorgjieski, Dejan"]
[Black "Moingt, Jean-Claude"]
[Result "1/2-1/2"]
[ECO "D02"]
[WhiteElo "2125"]
[BlackElo "2125"]
[Annotator "NA"]
[PlyCount "72"]
[EventDate "2021.09.18"]
[EventType "team-tourn"]
[EventCountry "MKD"]
[SourceTitle "playchess.com"]
[Source "ChessBase"]
[SourceQuality "1"]
[TimeControl "40/5400+30:1800+30"]

1. d4 Nf6 2. Nf3 c5 3. c3 e6 4. g3 d5 5. Bg2 Nc6 6. O-O Bd6 7. Bf4 Bxf4 8. gxf4 Qb6 9. Qb3 Bd7 10. Nbd2 cxd4 11. Qxb6 axb6 12. Nxd4 Nxd4 13. cxd4 Ke7 14. Rfc1 Rhc8 15. a3 Rc6 16. Rxc6 bxc6 17. Rc1 Ra4 18. e3 Kd6 19. Rc3 Ne8 20. Bf3 f6 21. Bd1 Ra8 22. Nb3 Nc7 23.
Be2 h6 24. h4 e5 25. fxe5+ fxe5 26. dxe5+ Kxe5 27. f4+ Kd6 28.
Kf2 Rf8 29. h5 c5 30. Rc1 Ne6 31. Rd1 Ba4 32. Bc4 d4 33. Rd3 Nc7 34. exd4 Bxb3 35. Rxb3 Rxf4+ 36. Ke3 Rh4 1/2-1/2

[Event "36th European Club Cup 2021"]
[Site "Struga"]
[Date "2021.09.21"]
[Round "4.56"]
[White "Ivanisevic, Ivan"]
[Black "Makolli, Perparim"]
[Result "1-0"]
[ECO "D35"]
[WhiteElo "2582"]
[BlackElo "2249"]
[Annotator "ChessBase"]
[PlyCount "67"]
[EventDate "2021.09.18"]
[EventType "team-tourn"]
[EventCountry "MKD"]
[SourceTitle "playchess.com"]
[Source "ChessBase"]
[SourceQuality "1"]
[TimeControl "40/5400+30:1800+30"]

1. c4 e6 2. Nc3 d5 3. d4 Nf6 4. cxd5 exd5 5. Bg5 Be7 6. e3 O-O 7. Bd3 Nbd7 8. Nge2 Re8 9. O-O Nf8 10. b4 c6 11. b5 Ne4 12. Bxe7 Qxe7 13. Bxe4 dxe4 14. bxc6 bxc6 15. Qa4 Qd6 16. Rfc1 Nd7 17. d5 cxd5 18. Nf4 Re5 19. Nb5 Qe7 20. Nc7 Rb8 21. Qxa7 Qd6 22. a4 g5 23. Nh5 Rb7 24. Nb5 Qb8 25. Qd4 Rb6 26. Nc7 Ba6 27. a5 Rh6 28.
Nxa6 Rxa6 29. Rab1 Qe8 30. Rb7 g4 31. Nf4 Nf6 32. Rb6 Rxb6 33.
axb6 Rf5 34. b7 1-0

[Event "36th European Club Cup 2021"]
[Site "Struga"]
[Date "2021.09.21"]
[Round "4.57"]
[White "Bajraktari, Perparim"]
[Black "Miladinovic, Igor"]
[Result "0-1"]
[ECO "A26"]
[WhiteElo "2196"]
[BlackElo "2536"]
[Annotator "ChessBase"]
[PlyCount "74"]
[EventDate "2021.09.18"]
[EventType "team-tourn"]
[EventCountry "MKD"]
[SourceTitle "playchess.com"]
[Source "ChessBase"]
[SourceQuality "1"]
[TimeControl "40/5400+30:1800+30"]

1. c4 e5 2. Nc3 Nc6 3. g3 g6 4. Bg2 Bg7 5. d3 d6 6. Rb1 a5 7. a3 Nf6 8. Nf3 O-O 9. O-O Re8 10. b4 axb4 11. axb4 Nd4 12. Nd2 c6 13. b5 d5 14. e3 Ne6 15. Nb3 h5 16. cxd5 cxd5 17. e4 d4 18.
Nd5 Nxd5 19. exd5 Nc7 20. Nc5 Nxd5 21. Qb3 Nc3 22. Bd2 Nxb1 23. Rxb1 Qb6 24. Bd5 Re7 25. Na4 Qf6 26. h4 Bf5 27. Bg5 Qd6 28. Bxe7 Qxe7 29. Rc1 e4 30. dxe4 Bxe4 31. Bxe4 Qxe4 32. Rc7 Qf5 33. Nc5 Ra1+ 34. Kg2 Rc1 35. Ne6 Qe4+ 36. Qf3
Rg1+ 37. Kxg1 Qxf3 0-1

[Event "36th European Club Cup 2021"]
[Site "Struga"]
[Date "2021.09.21"]
[Round "4.58"]
[White "Miljkovic, Miroslav D"]
[Black "Asllani, Muhamet"]
[Result "1-0"]
[ECO "D53"]
[WhiteElo "2470"]
[BlackElo "2225"]
[Annotator "ChessBase"]
[PlyCount "109"]
[EventDate "2021.09.18"]
[EventType "team-tourn"]
[EventCountry "MKD"]
[SourceTitle "playchess.com"]
[Source "ChessBase"]
[SourceQuality "1"]
[TimeControl "40/5400+30:1800+30"]

1. d4 Nf6 2. c4 e6 3. Nc3 d5 4. Bg5 Be7 5. e3 c6 6. Nf3 dxc4 7. Bxc4 b5 8. Bd3 Bb7 9. O-O Nbd7 10. Rc1 O-O 11. Bxf6 Nxf6 12. Ne4 Nd5 13. Nc5 Bxc5 14. Rxc5 Rc8 15. Ne5 Nb4 16. Be4 Qe7 17. Qf3 Rc7 18. Nd3 Nd5 19. Rfc1 Rfc8 20. a3 Qd6 21. Ne5 a5 22. Qd1 f6 23. Nd3 a4 24. Bxd5 cxd5 25. Qd2 Rxc5 26. Rxc5 Rxc5 27. Nxc5 Bc6 28. Qc3 h5 29. Nd3 Be8 30. Qc8 Kf8 31. f4 Qc6 32. Qxc6 Bxc6 33. Kf2 Ke7 34. Ke1 Kd6 35. Kd2 Be8 36. Kc3 h4 37. Kb4 Bh5 38. Nc1 Kc6 39. Ka5 Bg6 40. Na2 e5 41. fxe5 fxe5 42. Nb4+ Kd6 43. Kxb5 exd4 44. exd4 Be4 45. g3 h3 46. Kxa4 Ke6 47. Kb3 Kf5 48. Kc3 Kg4 49. a4 Kf3 50. Kd2 Kg2 51. Ke3 Kxh2 52. Kf2 g5 53. a5 Bd3 54. Nxd3 g4 55. Ne5 1-0

[Event "36th European Club Cup 2021"]
[Site "Struga"]
[Date "2021.09.21"]
[Round "4.59"]
[White "Zymberi, Astrit"]
[Black "Kosanovic, Goran A"]
[Result "0-1"]
[ECO "D31"]
[WhiteElo "2107"]
[BlackElo "2311"]
[Annotator "NA"]
[PlyCount "110"]
[EventDate "2021.09.18"]
[EventType "team-tourn"]
[EventCountry "MKD"]
[SourceTitle "playchess.com"]
[Source "ChessBase"]
[SourceQuality "1"]
[TimeControl "40/5400+30:1800+30"]

1. d4 d5 2. c4 e6 3. Nc3 c6 4. cxd5 exd5 5. Bf4 Bd6 6. Bxd6 Qxd6 7. e3 Bf5 8. Bd3 Bxd3 9. Qxd3 Nf6 10. Nge2 Nbd7 11. f3 O-O 12. O-O Rfe8 13. Ng3 c5 14. Rad1 Rad8 15. Rfe1 a6 16. dxc5 Nxc5 17. Qc2 Qb6 18. Nf5 Ne6 19. Qf2 g6 20. Nd4 Nxd4 21. Rxd4 Rd6 22. g4 h6 23. h4 Rde6 24. Qd2 Re5 25. Kg2 Qe6 26. Nd1 h5 27. g5 Ne4 28.
fxe4 Qg4+ 29. Kf1 dxe4 30. Re2 Qxh4 31. Rg2 Qh1+ 32. Rg1 Rf5+ 33. Nf2 Qh3+ 34. Ke1 Qh4 35. Rd8 Rxd8 36. Qxd8+ Kh7 37. Qd2 Qh2 38. Rh1 Qg3 39. Rf1 Rf3 40. Kd1 Qxg5 41. Re1 Qf5 42. Re2 h4 43. Kc2 g5 44. Nd1 g4 45. Qd8 Qf6 46. Qb8 g3 47. Qxb7 h3 48.
Qd7 g2 49. Qg4 Qg6 50. Qh4+ Kg7 51. Rd2 Qg3 52. Qe7 g1=Q 53. Rd8 Kh7 54. Qc5 Qg6 55. Qe5 Rf6 0-1

[Event "36th European Club Cup 2021"]
[Site "Struga"]
[Date "2021.09.21"]
[Round "4.60"]
[White "Stankovic, Milos"]
[Black "Bahtiri, Sabri"]
[Result "1-0"]
[ECO "D02"]
[WhiteElo "2409"]
[BlackElo "2010"]
[Annotator "NA"]
[PlyCount "77"]
[EventDate "2021.09.18"]
[EventType "team-tourn"]
[EventCountry "MKD"]
[SourceTitle "playchess.com"]
[Source "ChessBase"]
[SourceQuality "1"]
[TimeControl "40/5400+30:1800+30"]

1. d4 d5 2. Nf3 Nf6 3. Bf4 e6 4. e3 Bd6 5. Ne5 O-O 6. Nd2 c5 7. c3 Nc6 8. h4 Qc7 9. Ndf3 Ne4 10. Bd3 f6 11. Nxc6 Bxf4 12. Ne7+ Qxe7 13. exf4 cxd4 14. Bxe4 dxe4 15. Nxd4 e5 16. fxe5 Qxe5 17. Qb3+ Kh8 18. O-O b6 19. Rfe1 Bb7 20. Rad1 f5 21. Ne6 Rf6 22. Nd8 Qe7 23. Nxb7 Qxb7 24. Rd5 Qf7 25. Red1 h5 26. Rd7 Qxb3 27. axb3 Kg8 28. R1d5 g6 29. Rb7 Rf7 30. Rdd7 Rxd7 31. Rxd7 Kf8 32. Kf1 f4 33. Ke2 Re8 34. Rxa7 Re6 35. Rb7 Rd6 36. b4 Ke8 37. Rc7 Kf8 38. Rc4 Re6 39. f3 1-0

[Event "36th European Club Cup 2021"]
[Site "Struga"]
[Date "2021.09.22"]
[Round "5.12"]
[White "Henderson de La Fuente, Lance"]
[Black "Steinberg, Nitzan"]
[Result "0-1"]
[ECO "D12"]
[WhiteElo "2491"]
[BlackElo "2537"]
[Annotator "ChessBase"]
[PlyCount "88"]
[EventDate "2021.09.18"]
[EventType "team-tourn"]
[EventCountry "MKD"]
[SourceTitle "playchess.com"]
[Source "ChessBase"]
[SourceQuality "1"]
[TimeControl "40/5400+30:1800+30"]

1. d4 d5 2. c4 c6 3. Nf3 Nf6 4. e3 Bf5 5. Nc3 e6 6. Bd3 Bg6 7. O-O Nbd7 8.
Qe2 Bb4 9. Bd2 a5 10. a3 Bxc3 11. Bxc3 Ne4 12. Bxe4 Bxe4 13. Nd2 Nf6 14. a4 O-O 15. b4 b6 16. Rfc1 Bg6 17. Nb3 Ne4 18. Be1 axb4 19. Bxb4 Re8 20. f3 Nf6 21. Be1 e5 22. dxe5 Rxe5 23. c5 bxc5 24. Bg3 Re8 25. Nxc5 Qe7 26. a5 Ra7 27. Qd2 Rea8 28. Ra3 Rxa5 29. Rxa5 Rxa5 30. Qd4 h6 31. h3 Ra3 32. Rc3 Rxc3 33. Qxc3 Ne8 34. Nb3 Nd6 35. Qxc6 Nf5 36. Bf2 Nxe3 37. Nd4 Kh7 38. Nb5 Qg5 39. g3 Nd1 40. f4 Qh5 41. Nd6 Bd3 42. Qc1 Nxf2 43. Kxf2 Qxh3 44. Qe3 Qf1# 0-1

[Event "36th European Club Cup 2021"]
[Site "Struga"]
[Date "2021.09.22"]
[Round "5.18"]
[White "Haarr, Jon Kristian"]
[Black "Pancevski, Filip"]
[Result "0-1"]
[ECO "C41"]
[WhiteElo "2162"]
[BlackElo "2496"]
[Annotator "ChessBase"]
[PlyCount "70"]
[EventDate "2021.09.18"]
[EventType "team-tourn"]
[EventCountry "MKD"]
[SourceTitle "playchess.com"]
[Source "ChessBase"]
[SourceQuality "1"]
[TimeControl "40/5400+30:1800+30"]

1. e4 d6 2. d4 Nf6 3. Nc3 e5 4. Nf3 Nbd7 5. Rg1 g6 6. g4 c6 7. g5 Nh5 8. Be3 Bg7 9. Qd2 O-O 10. O-O-O Qa5 11. Kb1 Re8 12. a3 Qc7 13. Be2 a5 14. Nh4 Nf4 15. Bxf4 exf4 16. Qxf4 b5 17. Rg3 Nb6 18. Nf5 gxf5 19. exf5 Rxe2 20. Nxe2 Nd5 21. Qe4 Qd7 22. Rf3 b4 23. a4 Ba6 24. Ng3 Re8 25. Qh4 Be2 26. Nxe2 Rxe2 27. f6 Bf8 28. g6 fxg6 29. f7+ Kg7 30. Qg5 Qe7 31. Qg1 Qe4 32. Rfd3 b3 33. f3 bxc2+ 34. Ka2 cxd1=Q 35. Rxd1 Qc2 0-1

[Event "36th European Club Cup 2021"]
[Site "Struga"]
[Date "2021.09.22"]
[Round "5.28"]
[White "Podlesnik, Bogdan"]
[Black "Thybo, Jesper Sondergaard"]
[Result "0-1"]
[ECO "B15"]
[WhiteElo "2327"]
[BlackElo "2587"]
[Annotator "ChessBase"]
[PlyCount "64"]
[EventDate "2021.09.18"]
[EventType "team-tourn"]
[EventCountry "MKD"]
[SourceTitle "playchess.com"]
[Source "ChessBase"]
[SourceQuality "1"]
[TimeControl "40/5400+30:1800+30"]

1. e4 c6 2. d4 d5 3. Nc3 dxe4 4. Nxe4 Nf6 5. Nxf6+ exf6 6. Ne2 Bd6 7. Bf4 Na6 8. Qd2 Nc7 9. O-O-O Be6 10. Bxd6 Qxd6 11. Qf4 O-O-O 12. Qxd6 Rxd6 13. b3 Rhd8 14. Re1 a5 15. Kb2 b5 16. a3 a4 17. g3 axb3 18. cxb3 Kb8 19. Rc1 Bd5 20. Rg1 Bf3 21. Rc3 Bxe2 22. Bxe2 Ne6 23. Rgc1 Nxd4 24. Bf1 g5 25. a4 bxa4 26. bxa4 Kc7 27. Ra3 Rd5 28. f3 Rf5 29. Rcc3 g4 30. f4 Rh5 31. a5 Rxh2+ 32. Ka1 Nb5 0-1

[Event "36th European Club Cup 2021"]
[Site "Struga"]
[Date "2021.09.22"]
[Round "5.29"]
[White "Rozentalis, Eduardas"]
[Black "Zlatkov, Anton"]
[Result "1/2-1/2"]
[ECO "B53"]
[WhiteElo "2509"]
[BlackElo "2132"]
[Annotator "ChessBase"]
[PlyCount "64"]
[EventDate "2021.09.18"]
[EventType "team-tourn"]
[EventCountry "MKD"]
[SourceTitle "playchess.com"]
[Source "ChessBase"]
[SourceQuality "1"]
[TimeControl "40/5400+30:1800+30"]

1. e4 c5 2. Nf3 d6 3. d4 cxd4 4. Qxd4 Nc6 5. Bb5 Bd7 6. Bxc6 Bxc6 7. c4 Nf6 8. Nc3 g6 9. O-O Bg7 10. Qd3 O-O 11. Nd4 Rc8 12. Rd1 Qa5 13.
b3 a6 14. Bb2 Rfd8 15. Qe2 e6 16. Nxc6 bxc6 17. Na4 Nh5 18. Bxg7 Nxg7 19. Rac1 Qe5 20. Nb6 Rb8 21. c5 d5 22. Qxa6 Qxe4 23. Qd3 Qxd3 24. Rxd3 e5 25. b4 e4 26. Rdd1 Ne6 27. b5 Nxc5 28. Rxc5 Rxb6 29. bxc6 Rc8 30. g4 Rbxc6 31. Rxc6 Rxc6 32. Rxd5 Ra6 1/2-1/2

[Event "36th European Club Cup 2021"]
[Site "Struga"]
[Date "2021.09.22"]
[Round "5.33"]
[White "Boskovic, Drasko"]
[Black "Miladinovic, Igor"]
[Result "1/2-1/2"]
[ECO "B10"]
[WhiteElo "2457"]
[BlackElo "2536"]
[Annotator "ChessBase"]
[PlyCount "83"]
[EventDate "2021.09.18"]
[EventType "team-tourn"]
[EventCountry "MKD"]
[SourceTitle "playchess.com"]
[Source "ChessBase"]
[SourceQuality "1"]
[TimeControl "40/5400+30:1800+30"]

1. e4 c6 2. Nf3 d5 3. exd5 cxd5 4. Ne5 a6 5. d4 g6 6. Bd3 Bg7 7. c3 Nh6 8. O-O O-O 9. Re1 Nc6 10. h3 f6 11. Nf3 e5 12. c4 Nxd4 13. Nxd4 exd4 14. c5 Qa5 15. b3 Bd7 16. Ba3 Rfe8 17. Rxe8+ Rxe8 18. b4 Qc7 19. Nd2 g5 20. Qf3 Qe5 21. Nf1 g4 22. hxg4 Bxg4 23. Qg3 Bf5 24. Rd1 Be4 25. Bb2 Qh5 26. f3 Nf5 27. Qh2 Qxh2+ 28. Kxh2 Bxd3 29. Rxd3 Re2 30. Bxd4 Rxa2 31. Ne3 Ne7 32. Bc3 Ra3 33. Nc2 Ra4 34. Ne3 f5 35. Bxg7 Kxg7 36. Nxd5 Nxd5 37. Rxd5 Rxb4 38. Rxf5 a5 39. c6 bxc6 40. Rxa5 Rb7 41. Kg3 Kf6 42. Kf4 1/2-1/2

[Event "36th European Club Cup 2021"]
[Site "Struga"]
[Date "2021.09.22"]
[Round "5.34"]
[White "Perunovic, Milos"]
[Black "Tadic, Stefan"]
[Result "1-0"]
[ECO "B36"]
[WhiteElo "2566"]
[BlackElo "2339"]
[Annotator "ChessBase"]
[PlyCount "67"]
[EventDate "2021.09.18"]
[EventType "team-tourn"]
[EventCountry "MKD"]
[SourceTitle "playchess.com"]
[Source "ChessBase"]
[SourceQuality "1"]
[TimeControl "40/5400+30:1800+30"]

1. e4 c5 2. Nf3 g6 3. d4 cxd4 4. Nxd4 Nc6 5. c4 Nf6 6. Nc3 Nxd4 7. Qxd4 d6 8. Bg5 Bg7 9. Qd2 O-O 10. Bd3 Be6 11. O-O Qa5 12. Rae1 Rfc8 13. b3 Nd7 14. Rc1 Rc6 15. f4 Bd4+ 16. Kh1 f6 17. Bh6 Bf7 18.
Be2 Bxc3 19. Rxc3 b5 20. e5 bxc4 21. Bf3 d5 22. b4 Qc7 23.
Bxd5 Bxd5 24. Qxd5+ e6 25. Qf3 Re8 26. h4 f5 27. h5 Nb6 28.
Rd1 Na4 29. Ra3 c3 30. Rxa4 c2 31. Rc1 Rc3 32. Rxa7 Qc6 33. Qxc6 Rxc6 34. Rg7+ 1-0

[Event "36th European Club Cup 2021"]
[Site "Struga"]
[Date "2021.09.22"]
[Round "5.36"]
[White "Stankovic, Milos"]
[Black "Gjorgjieski, Dejan"]
[Result "1-0"]
[ECO "B09"]
[WhiteElo "2409"]
[BlackElo "2125"]
[Annotator "NA"]
[PlyCount "101"]
[EventDate "2021.09.18"]
[EventType "team-tourn"]
[EventCountry "MKD"]
[SourceTitle "playchess.com"]
[Source "ChessBase"]
[SourceQuality "1"]
[TimeControl "40/5400+30:1800+30"]

1. e4 g6 2. d4 Bg7 3. Nc3 d6 4. f4 c6 5. Nf3 Nf6 6. Bd3 Na6 7. O-O O-O 8. e5 Ne8 9. a3 c5 10. Be3 cxd4 11. Bxd4 d5 12. Ng5 h6 13. Nf3 Bf5 14. Bxf5 gxf5 15. Qd3 e6 16. Nb5 b6 17. b4 Nac7 18. Nc3 Qd7 19. a4 Qc6 20.
Nd1 f6 21. Ne3 fxe5 22. fxe5 Rf7 23. Nh4 Bf8 24. c3 Be7 25. Ng6 Bg5 26. g4 Ng7 27. gxf5 Bxe3+ 28. Qxe3 Nxf5 29. Rxf5 exf5 30. Qxh6 Qxg6+ 31. Qxg6+ Rg7 32. Qxg7+ Kxg7 33.
a5 b5 34. e6+ Kg6 35. Re1 a6 36. Bb6 Ne8 37. Re5 Rc8 38. Bd4 Nf6 39. e7 Ne8 40. Rxd5 Kf7 41. Bc5 f4 42. Rf5+ Ke6 43. Rxf4 Rc6 44. h4 Kd7 45. Rd4+ Ke6 46. h5 Kf7 47. Rf4+ Rf6 48. Rxf6+ Kxf6 49. h6 Kg6 50. Be3 Kf7 51. Bg5 1-0

[Event "36th European Club Cup 2021"]
[Site "Struga"]
[Date "2021.09.22"]
[Round "5.39"]
[White "Suleymanli, Aydin"]
[Black "Vaisser, Anatoly"]
[Result "1/2-1/2"]
[ECO "A85"]
[WhiteElo "2536"]
[BlackElo "2494"]
[Annotator "ChessBase"]
[PlyCount "60"]
[EventDate "2021.09.18"]
[EventType "team-tourn"]
[EventCountry "MKD"]
[SourceTitle "playchess.com"]
[Source "ChessBase"]
[SourceQuality "1"]
[TimeControl "40/5400+30:1800+30"]

1. d4 e6 2. c4 f5 3. Nc3 Nf6 4. e3 b6 5. Bd3 Bb7 6. f3 c5 7. d5 exd5 8.
cxd5 Nxd5 9. Nxd5 Bxd5 10. Bxf5 Bf7 11. Qa4 Nc6 12. Bd2 Qf6 13. Qe4+ Be7 14. Bc3 Qh4+ 15. Qxh4 Bxh4+ 16. g3 Bf6 17. Bxf6 gxf6 18. O-O-O Rd8 19. Kb1 d5 20. f4 O-O 21. Nf3 Rfe8 22. Rhe1 Ne7 23. Bd3 Bg6 24. Bxg6 hxg6 25. e4 dxe4 26. Rxd8 Rxd8 27. Rxe4 Kf7 28. Kc2 Nc6 29. a3 b5 30. Re2 Nd4+ 1/2-1/2

[Event "36th European Club Cup 2021"]
[Site "Struga"]
[Date "2021.09.22"]
[Round "5.40"]
[White "Olivier, Pierre"]
[Black "Sadikhov, Ulvi"]
[Result "0-1"]
[ECO "E91"]
[WhiteElo "2215"]
[BlackElo "2509"]
[Annotator "ChessBase"]
[PlyCount "72"]
[EventDate "2021.09.18"]
[EventType "team-tourn"]
[EventCountry "MKD"]
[SourceTitle "playchess.com"]
[Source "ChessBase"]
[SourceQuality "1"]
[TimeControl "40/5400+30:1800+30"]

1. Nf3 g6 2. d4 Bg7 3. c4 d6 4. Nc3 Nf6 5. e4 Bg4 6. Be2 Nfd7 7. Be3 O-O 8. O-O Nc6 9. d5 Bxf3 10. Bxf3 Na5 11. Be2 Bxc3 12. bxc3 e5 13. dxe6 fxe6 14. f4 b6 15. f5 Qe7 16. Bh6 Rf7 17. fxg6 Rxf1+ 18. Qxf1 hxg6 19. Qf4 Ne5 20. Qg3 Qh7 21. Bf4 Naxc4 22. Bd1 b5 23.
Bb3 Rf8 24. Bxe5 Nxe5 25. Bxe6+ Kg7 26. Qe3 Rf6 27. Bh3 c5 28. a4 bxa4 29. Rxa4 Kg8 30. Ra1 Qf7 31. Rb1 Qa2 32. Rd1 Nc4 33. Qg3 Qc2 34. Re1 Ne5 35. Bc8 Nd3 36. Ra1 Qxc3 0-1

[Event "36th European Club Cup 2021"]
[Site "Struga"]
[Date "2021.09.22"]
[Round "5.41"]
[White "Ahmadzada, Ahmad"]
[Black "Kirszenberg, Marc"]
[Result "1-0"]
[ECO "B10"]
[WhiteElo "2462"]
[BlackElo "2139"]
[Annotator "ChessBase"]
[PlyCount "51"]
[EventDate "2021.09.18"]
[EventType "team-tourn"]
[EventCountry "MKD"]
[SourceTitle "playchess.com"]
[Source "ChessBase"]
[SourceQuality "1"]
[TimeControl "40/5400+30:1800+30"]

1. e4 c6 2. d3 d5 3. Nd2 e5 4. Ngf3 Bd6 5. d4 exd4 6. Bd3 Ne7 7. O-O O-O 8. e5 Bc7 9. Nb3 h6 10. Re1 Nd7 11. Nbxd4 Nc5 12. h3 Nxd3 13. Qxd3 c5 14. Nb5 Bf5 15. Qd1 d4 16. Nh4 Be6 17. Nxc7 Qxc7 18. Qh5 Kh7 19. f4 g6 20. Qe2 f5 21. exf6 Rxf6 22. g4 Raf8 23.
g5 hxg5 24. Nf3 Rxf4 25. Nxg5+ Kh8 26. Bxf4 1-0

[Event "36th European Club Cup 2021"]
[Site "Struga"]
[Date "2021.09.22"]
[Round "5.42"]
[White "Moingt, Jean-Claude"]
[Black "Ibrahimli, Murad"]
[Result "0-1"]
[ECO "B51"]
[WhiteElo "2125"]
[BlackElo "2436"]
[Annotator "NA"]
[PlyCount "90"]
[EventDate "2021.09.18"]
[EventType "team-tourn"]
[EventCountry "MKD"]
[SourceTitle "playchess.com"]
[Source "ChessBase"]
[SourceQuality "1"]
[TimeControl "40/5400+30:1800+30"]

1. e4 c5 2. Nf3 d6 3. Bb5+ Nd7 4. Ba4 Ngf6 5. O-O a6 6. c4 g6 7. Nc3 Bg7 8. d4 cxd4 9. Nxd4 O-O 10. Bc2 Ne5 11. b3 Bd7 12. Bb2 Qb6 13.
Rb1 Nc6 14. Nxc6 Bxc6 15. Nd5 Bxd5 16. exd5 Nd7 17. Bxg7 Kxg7 18. Qd2 a5 19. Rbe1 Rae8 20. Kh1 Nf6 21. f4 e6 22. dxe6 Rxe6 23. f5 Rxe1 24. Rxe1 Qc5 25. Qe3 Qb4 26. Rf1 Re8 27. Qf3 g5 28. h3 h6 29. Rd1 Qc5 30. Qd3 Re3 31. Qd4 Re2 32. Qxc5 dxc5 33. Rc1 Nh5 34. Bd1 Re1+ 35. Kh2 Nf4 36. Rb1 Kf6 37. Kg3 Rg1 38.
a3 Rxg2+ 39. Kf3 Ra2 40. h4 Rxa3 41. hxg5+ hxg5 42. Bc2 Ra2 43. Be4 b6 44. Rd1 Rb2 45. Rd6+ Ke5 0-1

[Event "36th European Club Cup 2021"]
[Site "Struga"]
[Date "2021.09.22"]
[Round "5.43"]
[White "Heimann, Andreas"]
[Black "Haria, Ravi"]
[Result "1/2-1/2"]
[ECO "D38"]
[WhiteElo "2587"]
[BlackElo "2465"]
[Annotator "ChessBase"]
[PlyCount "27"]
[EventDate "2021.09.18"]
[EventType "team-tourn"]
[EventCountry "MKD"]
[SourceTitle "playchess.com"]
[Source "ChessBase"]
[SourceQuality "1"]
[TimeControl "40/5400+30:1800+30"]

1. d4 e6 2. Nf3 Nf6 3. c4 d5 4. Nc3 Bb4 5. cxd5 exd5 6. Bg5 h6 7. Bxf6 Qxf6 8. Qb3 Qb6 9. a3 Ba5 10. Qc2 Bf5 11. Qa4+ Bd7 12. Qc2 Bf5 13. Qa4+ Bd7 14. Qc2 1/2-1/2